[Event "Late-Titled-Tuesday-Blitz-May-28-2024"]
[Site "Chess.com"]
[Date "2024.05.28"]
[Round "7"]
[White "IngOscarArdila"]
[Black "lluiss"]
[Result "1-0"]
[WhiteElo "2285"]
[BlackElo "2172"]
[TimeControl "180+1"]
[EndTime "15:18:36 PDT"]
[Termination "IngOscarArdila won on time"]

1. d4 Nf6 2. Nf3 g6 3. c4 Bg7 4.
Nc3 d5 5. e3 O-O 6. Be2 c5 7.
O-O cxd4 8. Nxd4 e5 9. Nf3 e4 10. Nd4 Nc6 11. Nxc6 bxc6 12. Qa4 Qd6 13. Rd1 Bg4 14.
Qc2 Qe5 15. h3 Bxe2 16. Qxe2 Rab8 17. Rb1 Rb4 18. cxd5 cxd5 19. Bd2 Rc4 20. Rbc1 Rfc8 21.
Nb5 Qxb2 22. Rxc4 Rxc4 23. Nd4 Qxa2 24. Qe1 Qa6 25. Ra1 Qb7 26. Qd1 Nd7 27. Rb1 Nb6 28. Ne2 Qc7 29. Ba5 Qc5 30. Bxb6 axb6 31. Qb3 Rc2 32.
Nf4 Rc1+ 33. Rxc1 Qxc1+ 34. Kh2 Qc7 35. Qxd5 Be5 36. Qxe4 g5 37. Qa8+ Kg7 38. Qf3 gxf4 39. e4 Kh8 40. h4 h6 41. Kh3 Kh7 42. Qg4 Qe7 43. Qf5+ Kg7 44. Qg4+ Kh8 45. Qf5 b5 46. Qc8+ Kh7 47. Qf5+ Kg7 48. Qg4+ Kh7 49. Qf5+ Kh8 50. h5 b4 51. Qc8+ Kh7 52. Qf5+ Kg8 53. Qg4+ Bg7 54. e5 b3 55. Qc8+ Qf8 56. Qc4 1-0

[Event "Late-Titled-Tuesday-Blitz-May-28-2024"]
[Site "Chess.com"]
[Date "2024.05.28"]
[Round "7"]
[White "ckgchess"]
[Black "Msb2"]
[Result "0-1"]
[WhiteElo "2874"]
[BlackElo "3040"]
[TimeControl "180+1"]
[EndTime "15:18:38 PDT"]
[Termination "Msb2 won on time"]

1. e4 e6 2. d4 d5 3. Nc3 Nf6 4. e5 Nfd7 5. f4 c5 6. Nf3 Nc6 7. Be3 Rb8 8. Be2 cxd4 9. Nxd4 Bc5 10. Qd2 O-O 11. O-O a6 12. Kh1 Nxd4 13. Bxd4 b5 14. Bxc5 Nxc5 15. f5 exf5 16. Qxd5 Qxd5 17. Nxd5 Re8 18.
Bf3 Rxe5 19. Rfe1 Rxe1+ 20. Rxe1 Be6 21. b4 Bxd5 22. Bxd5 Ne4 23. g4 Nf2+ 24. Kg1 Nxg4 25. Re7 Rd8 26. Bxf7+ Kf8 27. Ra7 f4 28. Be6 Ne5 29.
Rxa6 Rd1+ 30. Kf2 Rd2+ 31. Kf1 Rxc2 32. Rb6 Ke7 33. Bb3 Rc1+ 34. Kf2 Nd3+ 35. Kf3 g5 36.
Rxb5 Kf6 37. Ke4 Nf2+ 38. Kf3 Nd3 39. Ke4 Nb2 40. Rf5+ Kg6 41. Bf7+ Kh6 42. h4 Re1+ 43. Kd4 gxh4 44. Rxf4 Kg5 45. Rf2 Nd1 46. Rg2+ Kf4 47. b5 h3 48. Rg7 h2 49. Bd5 Ne3 50. Bc6 Rd1+ 51. Kc5 Rc1+ 52. Kb6 Rxc6+ 53. bxc6 h1=Q 54.
c7 Nd5+ 55. Ka7 Nxc7 56. Rxc7 Qg1+ 57. Kb7 Qg2+ 58. Rc6 Qxa2 59. Kc7 Qf7+ 60. Kb6 Qb3+ 61. Kc7 h5 62. Rb6 Qxb6+ 0-1

[Event "Late-Titled-Tuesday-Blitz-May-28-2024"]
[Site "Chess.com"]
[Date "2024.05.28"]
[Round "7"]
[White "FuenfgegenWilly"]
[Black "mostafa_sakha"]
[Result "0-1"]
[WhiteElo "2473"]
[BlackElo "2389"]
[TimeControl "180+1"]
[EndTime "15:18:38 PDT"]
[Termination "mostafa_sakha won by checkmate"]

1. b3 e5 2. Bb2 Nc6 3. e3 Nf6 4. c4 d5 5. cxd5 Nxd5 6. a3 Bd6 7. Qc2 O-O 8. Nf3 Qe7 9. h4 h6 10. h5 Be6 11. Nh4 a5 12. Nf5 Qg5 13. Ng3 f5 14. Nc3 Rae8 15. Nxd5 Bxd5 16. Bc4 Bxc4 17. Qxc4+ Kh8 18. Qh4 Qxh4 19. Rxh4 e4 20. Ne2 Ne5 21. Nf4 Kh7 22. Rc1 Rf7 23. Bxe5 Bxe5 24. Rc5 b6 25.
Rc6 Rf6 26. Rc2 Rd8 27. a4 Rfd6 28. Ke2 Bxf4 29. Rxf4 g6 30. hxg6+ Kxg6 31. g4 fxg4 32. Rxg4+ Kh5 33. Rxe4 c5 34. Rec4 Rd3 35. R4c3 R3d6 36. d3 Kg5 37. Rc1 h5 38. f4+ Kf5 39. Rh1 Rh8 40.
Kf3 h4 41. e4+ Ke6 42. e5 Rdd8 43. Rh3 Kf5 44. Kg2 Kxf4 45. e6 Rdg8+ 46. Kf2 Kg4 47.
Rh1 Rf8+ 48. Ke2 Re8 49. Rc4+ Kg3 50. Re4 h3 51. Kf1 Ref8+ 52. Kg1 h2+ 53. Rxh2 Rxh2 54. Re3+ Kf4 55. Re4+ Kg3 56. e7 Rh1+ 57. Kxh1 Rf1# 0-1

[Event "Late-Titled-Tuesday-Blitz-May-28-2024"]
[Site "Chess.com"]
[Date "2024.05.28"]
[Round "7"]
[White "ChessSwole"]
[Black "Flaccidmoves"]
[Result "1-0"]
[WhiteElo "2681"]
[BlackElo "2495"]
[TimeControl "180+1"]
[EndTime "15:18:39 PDT"]
[Termination "ChessSwole won on time"]

1. Nf3 d5 2. g3 e6 3. Bg2 c5 4. O-O Nc6 5. c4 d4 6. e3 Nf6 7. exd4 cxd4 8. d3 Be7 9. Bg5 O-O 10. Bxf6 Bxf6 11. Nbd2 Be7 12. a3 a5 13. Rc1 e5 14.
Re1 f6 15. c5 Be6 16. Nc4 Bf7 17. Qa4 Re8 18. Qb5 Qc7 19. Nh4 g6 20. Nd6 Bxd6 21.
cxd6 Qd7 22. Bxc6 bxc6 23. Qxc6 Red8 24. Rc5 Qxd6 25. Qxd6 Rxd6 26. Rec1 Rb6 27. R1c2 Rab8 28. Rxa5 Rxb2 29. Rxb2 Rxb2 30. Nf3 Rb3 31. Ne1 Rb2 32.
f4 exf4 33. gxf4 Ra2 34. Nf3 Kg7 35. Ra7 h6 36. Nxd4 Rd2 37. Ne6+ Kg8 38. Nd8 Bd5 39. Nb7 Rxd3 40. Nc5 Rd2 41. Nd7 f5 42. Nf6+ Kf8 43. Rd7 Rd1+ 44. Kf2 Bb3 45. Rxd1 Bxd1 46. Ke3 Kf7 47. Nd7 g5 48. Ne5+ Ke6 49. Nd3 Kd5 50. Nb2 Bb3 51. Nd3 g4 52. Nf2 h5 53. Nd3 h4 54.
Ne5 g3 55. hxg3 hxg3 56. Kf3 Kd4 57. Kxg3 Ke4 58. Nc6 Ba4 59. Ne5 Be8 60. Nc4 Kd4 61.
Nd6 Bd7 62. Kf3 Kc5 63. Nf7 Kb5 64. Ke3 Kc4 65. Ne5+ 1-0

[Event "Late-Titled-Tuesday-Blitz-May-28-2024"]
[Site "Chess.com"]
[Date "2024.05.28"]
[Round "7"]
[White "PhileKhoob"]
[Black "dolynachess"]
[Result "1-0"]
[WhiteElo "2332"]
[BlackElo "2506"]
[TimeControl "180+1"]
[EndTime "15:18:40 PDT"]
[Termination "PhileKhoob won on time"]

1. Nf3 Nf6 2. g3 c5 3. c4 g6 4.
Bg2 Bg7 5. d4 O-O 6. O-O cxd4 7.
Nxd4 Nc6 8. Nc3 Nxd4 9. Qxd4 d6 10. Qd3 a6 11. Be3 Rb8 12. Bd4 Be6 13. b3 Qa5 14. e4 Rfc8 15. Nd5 Bxd5 16. exd5 b5 17.
Rfc1 Nd7 18. Bxg7 Kxg7 19. Bh3 Rc7 20. Bxd7 Rxd7 21. c5 dxc5 22. Rxc5 Rbd8 23. a3 Qb6 24. b4 Qf6 25. Qf1 Rxd5 26. Rxd5 Rxd5 27. Rc1 Rd2 28. Qe1 Ra2 29. Qe3 h5 30. h4 e6 31. Rc3 Ra1+ 32.
Kg2 Rd1 33. Rc8 Qa1 34. Qc5 Rg1+ 35. Kh2 Rh1+ 36. Kg2 Qf1+ 37. Kf3 Qd1+ 38. Kg2 Kh7 39. Qf8 Qd5+ 40. f3 Qd2+ 41. Kxh1 Qe1+ 42. Kg2 Qe2+ 43.
Kh3 Qf1+ 44. Kh2 Qf2+ 45. Kh3 Qf1+ 46. Kh2 Qf2+ 47. Kh1 Qxf3+ 48. Kg1 Qxg3+ 49. Kf1 Qf3+ 50. Ke1 Qe3+ 51. Kd1 Qd3+ 52. Kc1 Qf1+ 53. Kc2 Qe2+ 54. Kc3 Qe3+ 55. Kb2 Qd4+ 56. Rc3 Qd2+ 57. Kb3 Qd5+ 58. Kc2 1-0

[Event "Late-Titled-Tuesday-Blitz-May-28-2024"]
[Site "Chess.com"]
[Date "2024.05.28"]
[Round "7"]
[White "SRob2003"]
[Black "ural58"]
[Result "1-0"]
[WhiteElo "2684"]
[BlackElo "2438"]
[TimeControl "180+1"]
[EndTime "15:18:41 PDT"]
[Termination "SRob2003 won on time"]

1. c4 e5 2. g3 c6 3. Nf3 e4 4.
Nd4 d5 5. d3 Nf6 6. Bg2 Bb4+ 7.
Bd2 Bxd2+ 8. Qxd2 O-O 9. Nc3 exd3 10. Qxd3 dxc4 11. Qxc4 Nbd7 12. Rd1 Ne5 13. Qb3 Qe7 14. h3 a6 15. O-O c5 16. Nc2 Be6 17. Qa4 b5 18.
Qf4 Ng6 19. Qc1 Rac8 20. e4 Bc4 21. Rfe1 Rfd8 22. Ne3 Ne5 23. Nf5 Qc7 24. Qc2 Nd3 25. Re3 Nb4 26. Qc1 Rxd1+ 27. Qxd1 Nxa2 28. Nxa2 Bxa2 29. Ra3 Be6 30. Rxa6 Bxf5 31. exf5 h6 32. Qb3 Qb8 33.
Ra5 b4 34. Qc4 Qe5 35. Ra7 Rf8 36. b3 Qxf5 37. Rc7 Qb1+ 38. Bf1 Ne4 39. Rd7 Nc3 40. Kg2 Qb2 41. Bd3 Nd1 42. Qxc5 Qxb3 43. Bc4 Qa4 44. Qc7 Qa8+ 45. Kg1 Nxf2 46. Kxf2 b3 47. Rxf7 Kh8 48.
Bxb3 Qe8 49. Rxf8+ Qxf8+ 50. Qf7 Qc5+ 51. Kg2 Qc6+ 52. Qf3 Qc8 53. Bd5 Qb8 54. h4 Qb2+ 55. Kh3 Qb8 56. Qf7 Qd8 57. Bc6 Qc7 58. Qxc7 1-0

[Event "Late-Titled-Tuesday-Blitz-May-28-2024"]
[Site "Chess.com"]
[Date "2024.05.28"]
[Round "7"]
[White "StoreySniper"]
[Black "IMRosen"]
[Result "0-1"]
[WhiteElo "2541"]
[BlackElo "2729"]
[TimeControl "180+1"]
[EndTime "15:18:43 PDT"]
[Termination "IMRosen won by resignation"]

1. c4 e6 2. g3 d5 3. Bg2 d4 4.
b4 e5 5. b5 Nf6 6. d3 h6 7. Nf3 Bd6 8. Ba3 O-O 9. c5 Be7 10.
Nxe5 a6 11. c6 Bxa3 12. Nxa3 axb5 13. cxb7 Bxb7 14. Bxb7 Rxa3 15. Bg2 Qe7 16. Nf3 c5 17. O-O Qa7 18. Qc2 Nbd7 19. Rfc1 Ra8 20. Nh4 Re8 21. Nf5 Qa6 22. Qb2 Re6 23. Bh3 Re5 24. Nxd4 cxd4 25. Qxd4 Re7 26. Rc7 Ra4 27. Qc3 Qd6 28.
Bf5 g6 29. Be4 Kg7 30. Rc1 Ne5 31. Rc8 Nxe4 32. dxe4 Qd4 33. Qc2 Raa7 34. Rb8 Rab7 35. Qc8 Rxb8 36. Qxb8 Nd7 37. Qxb5 Qxe4 38. e3 Qe6 39.
Qb2+ Qf6 40. Qe2 Ne5 41. f4 Nd7 42. Qf3 Qe6 43. Re1 Qxa2 44. e4 Qa7+ 45. Kg2 Qd4 46. e5 Nb6 47. Qc6 Qd5+ 48. Qxd5 Nxd5 49. Kf3 f6 50. Rd1 Nc3 51. exf6+ Kxf6 52. Rd3 Rc7 53.
Rd6+ Kf7 54. g4 Nb5 55. Rd5 Nc3 56. Ra5 Re7 57. f5 gxf5 58. Rxf5+ Kg7 59. Rc5 Na4 60. Rc6 Nb2 61. h4 Nd3 62. g5 Ne5+ 63. Kf4 Nxc6 64. Kf5 hxg5 65. Kxg5 Ra7 66. Kh5 Ra5+ 67. Kg4 Kg6 0-1

[Event "Late-Titled-Tuesday-Blitz-May-28-2024"]
[Site "Chess.com"]
[Date "2024.05.28"]
[Round "7"]
[White "FredddieCroderg"]
[Black "emeli_chess"]
[Result "1-0"]
[WhiteElo "2305"]
[BlackElo "2409"]
[TimeControl "180+1"]
[EndTime "15:18:48 PDT"]
[Termination "FredddieCroderg won by resignation"]

1. d4 Nf6 2. Bg5 e6 3. Nd2 h6 4. Bh4 c5 5. e3 cxd4 6. exd4 Be7 7. Bd3 O-O 8. c3 b6 9. Qf3 d5 10. Ne2 Ba6 11. Bc2 Nc6 12. O-O Rc8 13. Rac1 Ne4 14. Bxe7 Nxd2 15. Qf4 Qxe7 16. Qxd2 Bxe2 17. Qxe2 Qb7 18.
Qd3 g6 19. Rfe1 b5 20. Re3 Ne7 21. Rh3 h5 22. Rxh5 Nf5 23. Rh3 Kg7 24. g4 Nd6 25. Qe3 Rh8 26. Qe5+ f6 27. Qg3 Rxh3 28. Qxh3 Rh8 29.
Qg3 Ne4 30. Bxe4 dxe4 31. c4 Rd8 32. cxb5 Qxb5 33. Rc7+ Rd7 34. Qc3 Kh6 35. Qc1+ Kg7 36. Rxd7+ Qxd7 37. Qc5 a6 38. h3 f5 39. g5 Qa4 40. Qe5+ Kh7 41. Qxe6 Qd1+ 42. Kh2 Qd2 43. Qf7+ Kh8 44. Qf8+ Kh7 45. Qh6+ Kg8 46. Qxg6+ Kh8 47. Qxf5 Qxd4 48. g6 Kg7 49. Qf7+ Kh6 50. Qh7+ Kg5 51. h4+ Kg4 52. Qf7 Qxb2 53. g7 Kxh4 54. g8=Q Qe5+ 55. Qg3+ Qxg3+ 56. fxg3+ Kg5 57. Qg7+ Kf5 58. g4+ Kf4 59. g5 e3 60. g6 e2 61. Qe7 Kf3 62. g7 Kf2 63.
Qxe2+ Kxe2 64. g8=Q Kd3 65. Qa8 Kc2 66. Qxa6 Kb2 67.
a4 Kb3 68. a5 Kb4 69. Qb6+ Ka4 70. a6 1-0

[Event "Late-Titled-Tuesday-Blitz-May-28-2024"]
[Site "Chess.com"]
[Date "2024.05.28"]
[Round "7"]
[White "kirillshevchenko"]
[Black "GP9isback23"]
[Result "1-0"]
[WhiteElo "2907"]
[BlackElo "2681"]
[TimeControl "180+1"]
[EndTime "15:18:51 PDT"]
[Termination "kirillshevchenko won on time"]

1. b3 d5 2. Bb2 e6 3. Nf3 Nf6 4. e3 Be7 5. g4 O-O 6. g5 Ne4 7. h4 c5 8. d3 Nd6 9. h5 Nc6 10. Nbd2 f6 11. g6 h6 12. c4 dxc4 13. Nxc4 e5 14. Nh4 Be6 15. Bg2 Qd7 16. Qe2 Rad8 17. Rd1 Nb4 18. O-O Bg4 19. Bf3 Bh3 20. Nxd6 Bxd6 21.
a3 Nc6 22. Rfe1 f5 23. Bd5+ Kh8 24. Bf7 Qe7 25. Ng2 Qg5 26. f4 exf4 27. exf4 Bxf4 28. Qf3 Bg3 29. Bc1 Qg4 30. Qxg4 Bxg4 31. Nf4 Bxd1 32. Rxd1 Bxf4 33. Bxf4 Nd4 34. Kf2 b6 35.
Re1 Nb5 36. Re7 Nd6 37. Bxd6 Rxd6 38. Ke3 a6 39. Ra7 a5 40. Rb7 Rf6 41. a4 f4+ 42. Kf3 Rd8 43. Re7 Rxd3+ 44. Kg4 Rd8 45. Kf3 Rf8 46. Rd7 Rc6 47. Re7 Rd6 48. Kxf4 Rd4+ 49. Ke5 Rh4 50. Kd6 Rxh5 51. Rb7 Rf5 52. Ke7 Rc8 53.
Be6 Rff8 54. Bxc8 Rxc8 55. Rxb6 Ra8 56. Rc6 Rb8 57. Rxc5 Kg8 58. Rxa5 Rb7+ 59. Kd6 Rb8 60. Rb5 Rd8+ 61. Ke7 Rf8 62. a5 Ra8 63. a6 Ra7+ 64.
Rb7 Ra8 65. a7 Rf8 66. Rb8 1-0

[Event "Late-Titled-Tuesday-Blitz-May-28-2024"]
[Site "Chess.com"]
[Date "2024.05.28"]
[Round "7"]
[White "Timurist"]
[Black "WilsonPalencia21"]
[Result "1/2-1/2"]
[WhiteElo "2403"]
[BlackElo "2582"]
[TimeControl "180+1"]
[EndTime "15:18:57 PDT"]
[Termination "Game drawn by repetition"]

1. e4 c5 2. Nc3 Nc6 3. f4 g6 4.
Nf3 Bg7 5. Bb5 Nd4 6. a4 e6 7. e5 a6 8. Bc4 d6 9. exd6 Qxd6 10. d3 Ne7 11. Ne4 Qc7 12. c3 Ndf5 13. Qe2 O-O 14.
Qf2 b6 15. O-O Rb8 16. Ne5 Nd6 17. Nxd6 Qxd6 18. Be3 Nf5 19. Rad1 Nxe3 20. Qxe3 b5 21. axb5 axb5 22. Bb3 Bb7 23. Rfe1 Bd5 24. Bxd5 Qxd5 25. Qe4 Bxe5 26. Qxd5 exd5 27. Rxe5 Rfd8 28. Ra1 b4 29.
Ra5 bxc3 30. bxc3 c4 31. Raxd5 cxd3 32. Kf2 Rbc8 33. Rxd8+ Rxd8 34. Ke1 d2+ 35. Kd1 Rd3 36. c4 Rd4 37. g3 Kf8 38. Re2 Rxc4 39. Rxd2 h5 40. Ke2 h4 41. Kf2 hxg3+ 42. hxg3 Kg7 43. Rd5 Kf6 44. Kf3 Rc1 45. Kg4 Rh1 46. Rb5 Kg7 47. Rb7 Rg1 48. Rc7 Kf6 49. Rc6+ Kg7 50. Rc7 Rf1 51. Rb7 Re1 52. Rc7 Re6 53. Rb7 Ra6 54.
Rc7 Rb6 55. Rd7 Kf6 56. Rd3 Ke6 57. Re3+ Kf6 58. Rc3 Rb4 59. Rc6+ Kg7 60. Rc7 Kg8 61. Rc8+ Kh7 62. Rc7 Kg7 63. Rd7 Rb6 64. Rc7 Rb5 65. Rd7 Kf6 66. Rd6+ Ke7 67. Rc6 Rf5 68. Rc7+ Kf8 69.
Rc8+ Kg7 70. Rc7 Kf8 71. Ra7 Kg7 72. Rc7 Kf8 1/2-1/2

[Event "Late-Titled-Tuesday-Blitz-May-28-2024"]
[Site "Chess.com"]
[Date "2024.05.28"]
[Round "7"]
[White "gxbg2000"]
[Black "Navyblue1"]
[Result "1/2-1/2"]
[WhiteElo "2003"]
[BlackElo "2226"]
[TimeControl "180+1"]
[EndTime "15:18:57 PDT"]
[Termination "Game drawn by agreement"]

1. e4 c5 2. Nf3 d6 3. Bc4 Nf6 4. d3 g6 5. c3 Bg7 6. O-O a6 7. Bg5 b5 8. Bb3 Bb7 9. Nbd2 O-O 10. Re1 Nbd7 11. a4 Qb6 12. a5 Qc7 13. Bc2 Rac8 14. Qe2 Ne5 15. Nxe5 dxe5 16. Rf1 h6 17. Bh4 Rfd8 18.
c4 Qd6 19. Nf3 b4 20. h3 Ne8 21. Qe3 Nc7 22. Rfd1 Ne6 23. Bg3 f6 24. b3 Qd7 25.
Ra2 Nd4 26. Nxd4 exd4 27. Qd2 e5 28. f4 Qe6 29. Rf1 Rf8 30. Raa1 g5 31. f5 Qf7 32.
Bd1 Rfd8 33. Be2 Bc6 34. Qd1 Be8 35. Ra2 Rb8 36. Kh2 Rd6 37. Rf2 Rdd8 38. Rf1 Kf8 39. Bf3 Ke7 40. Qe2 Kd6 41. Bf2 h5 42. Bg3 h4 43.
Be1 Bf8 44. Kg1 Be7 45. Rf2 Qg7 46. g3 hxg3 47. Rg2 Qh6 48. Bxg3 Bf7 49. Kf2 Rh8 50. Qf1 Rh7 51. Ke2 Rbh8 52. Qf2 Bh5 53. Ra1 Bxf3+ 54. Qxf3 Qxh3 55. Rag1 Qh5 56. Qxh5 Rxh5 57. Kf3 Kd7 58. Kg4 Bd8 59. Ra1 Kc6 60. Raa2 Kb7 61. Ra1 Rh3 62. Raa2 R3h5 63. Ra1 Rh1 64. Rxh1 Rxh1 65.
Ra2 Kc6 66. Kf3 Kd7 67. Kg4 Kc6 68.
Kf3 1/2-1/2

[Event "Late-Titled-Tuesday-Blitz-May-28-2024"]
[Site "Chess.com"]
[Date "2024.05.28"]
[Round "7"]
[White "wonderfultime"]
[Black "Hikaru"]
[Result "0-1"]
[WhiteElo "3028"]
[BlackElo "3226"]
[TimeControl "180+1"]
[EndTime "15:19:03 PDT"]
[Termination "Hikaru won by resignation"]

1. d4 c5 2. c3 Qc7 3. e4 g6 4. Bd3 Bg7 5. Nf3 d6 6. h3 Nc6 7.
dxc5 dxc5 8. O-O Nf6 9. Qe2 Nd7 10. a4 O-O 11. Na3 b6 12. Rd1 Bb7 13. Ba6 Rad8 14.
Bg5 Rfe8 15. Bxb7 Qxb7 16. Nc4 a6 17. Ne3 Rc8 18. Rd2 b5 19. axb5 axb5 20. Rad1 Nf8 21. Nd5 b4 22. Qe3 Na5 23. Qe2 Ne6 24. Be3 Nb3 25.
Rc2 bxc3 26. bxc3 c4 27. Ra2 Nec5 28. Qxc4 e6 29. Nb4 Qxe4 30. Qf1 Bxc3 31. Nd3 Nxd3 32. Rxd3 Red8 33. Rxd8+ Rxd8 34. Ra7 Bf6 35. Qb5 Qd5 36. Qb6 Nd4 37. Nxd4 Bxd4 38. Qxd4 Qxd4 39. Bxd4 Rxd4 40. g3 g5 41. Kg2 h6 42. Ra5 Kg7 43. Ra3 Kg6 44. Rf3 h5 45. Ra3 f5 46. Ra5 h4 47.
gxh4 gxh4 48. Ra3 Kf6 49. Kf3 e5 50. Ke2 Kg5 51. Ra8 Rb4 52. Kf1 Kf4 53. Kg2 e4 54.
Rh8 Rb2 55. Rxh4+ Kg5 56. Rh8 f4 57. Rg8+ Kf5 58. Rf8+ Ke5 59. Re8+ Kd4 60. Rd8+ Kc3 61. Kf1 Rb1+ 62. Ke2 Rb2+ 63. Ke1 f3 64. Rc8+ Kd4 65. Rd8+ Ke5 66. Re8+ Kd5 67. Rd8+ Ke6 68. Re8+ Kf5 69. Rf8+ Kg5 70. Rg8+ Kh5 71. Rh8+ Kg5 72. Rg8+ Kh4 73.
Rg4+ Kxh3 74. Rxe4 Rb1+ 75. Kd2 Kg2 76. Rf4 Kxf2 77.
Rf8 Rb7 0-1

[Event "Late-Titled-Tuesday-Blitz-May-28-2024"]
[Site "Chess.com"]
[Date "2024.05.28"]
[Round "7"]
[White "KNVB"]
[Black "rdarruda"]
[Result "1-0"]
[WhiteElo "2773"]
[BlackElo "2558"]
[TimeControl "180+1"]
[EndTime "15:19:09 PDT"]
[Termination "KNVB won by resignation"]

1. e4 c5 2. e5 Nc6 3. c3 d6 4. exd6 Qxd6 5. Nf3 e5 6. d3 Nf6 7. Nbd2 Be7 8. Ne4 Nxe4 9. dxe4 Qxd1+ 10. Kxd1 Be6 11.
Be3 O-O-O+ 12. Nd2 Rd7 13. f3 Rhd8 14. Kc2 Kc7 15.
Be2 f6 16. Rhd1 a6 17. a4 Na5 18. b3 Rxd2+ 19. Rxd2 Nxb3 20. Rb1 Nxd2 21. Bxd2 Kc6 22. c4 Rd7 23. Bc3 Bd8 24. Ra1 Bc7 25. Bd3 Rd8 26. Rg1 Bd7 27. Be2 Kd6 28. Ra1 Bc6 29. Rd1+ Ke7 30.
Ra1 Rb8 31. a5 Kd7 32. Rd1+ Kc8 33. Rb1 b6 34. axb6 Rxb6 35. Ra1 Bb7 36. Bd2 g6 37. Be3 Rc6 38. Kc3 Bb6 39. Bd3 a5 40. Bc2 Rd6 41.
Ba4 Kc7 42. Bb5 Bc6 43. Bxc6 Kxc6 44. Kc2 Rd7 45. h3 Ra7 46. Kb3 Rb7 47. Rd1 Bc7+ 48. Kc2 a4 49. Ra1 Ra7 50. Bd2 f5 51. Bc3 Bd6 52.
Ra2 Bc7 53. Ra1 Bd6 54. g4 fxe4 55. fxe4 Bc7 56. Kd3 Bd6 57. Ke2 a3 58. Kd3 a2 59.
Kc2 Rf7 60. Rxa2 Rf2+ 61. Kb3 Rf3 62. Ra6+ Kd7 63. Ra7+ Bc7 64. Kc2 Kc6 65. Ra6+ Kd7 66. Ra7 Kc6 67. Ra6+ Kd7 68. h4 Rf4 69. h5 Rxe4 70.
hxg6 hxg6 71. Rxg6 Rxc4 72. Kd3 Rf4 73. Bd2 Rd4+ 74. Ke3 Rd6 75. Rg7+ Kc6 76. Bc3 Re6 77. Ke4 Bd6 78. g5 Re7 79. Rg6 Rh7 80. Bxe5 Rh4+ 81.
Kf5 1-0

[Event "Late-Titled-Tuesday-Blitz-May-28-2024"]
[Site "Chess.com"]
[Date "2024.05.28"]
[Round "7"]
[White "dozer80"]
[Black "SharathRk6"]
[Result "1/2-1/2"]
[WhiteElo "2688"]
[BlackElo "2538"]
[TimeControl "180+1"]
[EndTime "15:19:09 PDT"]
[Termination "Game drawn - insufficient material"]

1. d4 Nf6 2. Bg5 d5 3. Nd2 e6 4. e3 Be7 5. Bd3 O-O 6. f4 Nbd7 7. Ngf3 c5 8. c3 b6 9. Ne5 Bb7 10. Qf3 h6 11. Bxf6 Nxf6 12. g4 cxd4 13. exd4 Ne4 14. Nxe4 dxe4 15. Bxe4 Bxe4 16. Qxe4 f5 17. gxf5 exf5 18.
Qf3 Bh4+ 19. Ke2 Bf6 20. Rhd1 Rc8 21. Kf1 b5 22. Rd3 b4 23. cxb4 Rc2 24. Re1 Rxb2 25. Re2 Rxb4 26. Kg2 Rxd4 27. Rxd4 Qxd4 28. Ng6 Rb8 29.
h4 Kh7 30. h5 Rb2 31. Kh3 Rxe2 32. Qxe2 Qe4 33. Qd1 Bd4 34. Kg3 Qe3+ 35. Qf3 Qg1+ 36. Kh3 Bf2 37. Qg2 Qe1 38. Qf3 Qf1+ 39. Qg2 Qd3+ 40.
Kh2 Be3 41. Qf3 Qe4 42. Kg2 Kg8 43. Kg3 Qxf3+ 44. Kxf3 Bc5 45. Ke2 Kf7 46. Kd3 Ke6 47.
Kc4 Be3 48. Kd3 Bc1 49. Kd4 Kd6 50. Kc4 Kc6 51. a4 a5 52. Kd4 Kd6 53. Kc4 Bd2 54.
Kd3 Be1 55. Kd4 Bd2 56. Kc4 Bc1 57. Kd4 Bb2+ 58. Kc4 Ba1 59. Nh4 Bb2 60. Nxf5+ Ke6 61. Ne3 Bc1 62. Nd5 Kf5 63. Kb5 Bd2 64. Kb6 Ke4 65. Ne7 Kxf4 66. Nc6 Kg5 67. Nxa5 Kxh5 68. Nc4 Bc3 69. a5 Kg4 70. a6 h5 71. Ne3+ Kf3 72. Nf5 Be1 73. Kc6 Bf2 74. Nxg7 h4 75. Ne6 h3 76.
Ng5+ Kg2 77. Nxh3 Kxh3 78. a7 Bxa7 1/2-1/2

[Event "Late-Titled-Tuesday-Blitz-May-28-2024"]
[Site "Chess.com"]
[Date "2024.05.28"]
[Round "7"]
[White "DucksParadise"]
[Black "NajdorfPlayerc5"]
[Result "1/2-1/2"]
[WhiteElo "2558"]
[BlackElo "2447"]
[TimeControl "180+1"]
[EndTime "15:19:09 PDT"]
[Termination "Game drawn - insufficient material"]

1. e4 d6 2. d4 g6 3. c4 Bg7 4.
Nc3 e5 5. d5 a6 6. Bd3 Ne7 7.
Nge2 O-O 8. O-O Nd7 9. Be3 b6 10. b4 f5 11. f3 f4 12. Bf2 g5 13. Rc1 Ng6 14. Qb3 Nf6 15. c5 g4 16. cxb6 cxb6 17.
Na4 Rb8 18. b5 gxf3 19. gxf3 axb5 20. Bxb5 Bh3 21. Rfd1 Nh5 22. Kh1 Nh4 23. Rg1 Kh8 24. Rc6 Rg8 25. Rxb6 Rxb6 26. Bxb6 Qf6 27. Bf2 Bh6 28.
Rxg8+ Kxg8 29. Bc4 Bg2+ 30. Kg1 Bxf3 31. Qb8+ Kg7 32.
Qc7+ Kg6 33. Bxh4 Qxh4 34. Qxd6+ Nf6 35. Kf1 Qh3+ 36. Ke1 Qg2 37. Kd2 Bxe4 38. Kc3 f3 39.
Ng3 f2 40. Qxe5 f1=Q 41. Bxf1 Qd2+ 42. Kb3 Bxd5+ 43. Ka3 Bf4 44. Qf5+ Kg7 45. Nh5+ Nxh5 46. Qxh5 Bd6+ 47. Nc5 Bxc5+ 48. Ka4 Qxa2+ 49. Kb5 Bd6 50. Kb6 Qb3+ 51. Ka6 Qa4+ 52. Kb6 Qb4+ 53.
Ka6 Bc6 54. Qg5+ Kf7 55. Qf5+ Ke7 56. Qg5+ Kd7 57. Qf5+ Kc7 58. Qf7+ Bd7 59. Qc4+ Qxc4+ 60. Bxc4 Bf5 61. Bd3 Bxh2 62. Bxf5 h5 63. Bg6 h4 64.
Bf5 Kd6 65. Bh3 Ke5 66. Kb5 Bf4 67. Kc4 Be3 68. Kd3 Ba7 69. Ke2 Kf4 70. Kf1 Kg3 71.
Bc8 Kh2 72. Bd7 Kg3 73. Bc8 h3 74. Bxh3 1/2-1/2

[Event "Late-Titled-Tuesday-Blitz-May-28-2024"]
[Site "Chess.com"]
[Date "2024.05.28"]
[Round "7"]
[White "SaiHanThiha"]
[Black "ReadySkate"]
[Result "1-0"]
[WhiteElo "2528"]
[BlackElo "2700"]
[TimeControl "180+1"]
[EndTime "15:19:14 PDT"]
[Termination "SaiHanThiha won by resignation"]

1. Nf3 Nf6 2. g3 g6 3. b3 Bg7 4. Bb2 O-O 5. Bg2 d5 6. O-O c5 7. c4 d4 8. b4 Nc6 9. b5 Nb8 10.
a4 Nbd7 11. a5 e5 12. d3 Rb8 13. Re1 Re8 14. e3 dxe3 15. Rxe3 Qc7 16. Nc3 b6 17. Ng5 h6 18. Nge4 Nxe4 19. dxe4 Nf6 20. Nd5 Nxd5 21.
exd5 a6 22. d6 Qd8 23. Bc6 Bd7 24. Bc3 Re6 25. Bd5 Re8 26. bxa6 bxa5 27. a7 Ra8 28.
Bxa5 Qc8 29. Bc7 e4 30. Ra5 Bd4 31. Qb1 Bxe3 32. fxe3 Bh3 33. Bxa8 Qxa8 34. Qb8 Bd7 35. Qxa8 Rxa8 36. Bb8 f5 37. Rxc5 Kf7 38. Re5 Be6 39. c5 Kf6 40. Rxe6+ Kxe6 41. c6 Rxa7 42. Bxa7 Kxd6 43. Bd4 Kxc6 44. Bg7 h5 45. Bh6 Kd5 46. Kf2 Kc4 47. Ke2 Kc3 48. Bg7+ Kc2 49. Be5 Kc1 50.
Bd4 Kc2 51. Bc5 g5 52. Be7 g4 53. Ba3 Kb3 54. Bc5 Kc2 55. Bb4 Kc1 56. Ba5 Kc2 57. Bd2 Kb1 58. Kd1 Kb2 59. Be1 Kb3 60. Kc1 Ka2 61.
Kc2 Ka1 62. Kc3 Kb1 63. Kd4 Kc2 64. Ke5 Kd3 65. Kf4 Ke2 66. Ba5 Kf2 67. Kxf5 Kxe3 68. Kg5 Kf3 69. Kxh5 e3 70. Kh4 e2 71. Bb4 Kg2 72. Kxg4 Kf2 73. h4 Ke3 74. h5 Kd3 75.
Be1 Kc4 76. h6 Kb3 77. h7 Kc2 78. h8=Q Kd1 79. Qe5 Kc2 80. Kf4 Kb3 81. g4 Kc4 82. g5 1-0

[Event "Late-Titled-Tuesday-Blitz-May-28-2024"]
[Site "Chess.com"]
[Date "2024.05.28"]
[Round "7"]
[White "Abund"]
[Black "Shankland"]
[Result "0-1"]
[WhiteElo "2825"]
[BlackElo "3002"]
[TimeControl "180+1"]
[EndTime "15:19:19 PDT"]
[Termination "Shankland won by checkmate"]

1. e4 c5 2. Nf3 d6 3. Bb5+ Bd7 4. Bxd7+ Nxd7 5. O-O Ngf6 6. Qe2 e6 7. b3 Be7 8.
Bb2 O-O 9. c4 Qb6 10. d3 Rfe8 11. Nc3 Rad8 12. Nd2 Ne5 13. f4 Nc6 14. Nf3 Bf8 15.
h3 a6 16. g4 Nd7 17. Kh1 Qc7 18. Nd1 g6 19. Ne3 Bg7 20. Rad1 Nd4 21. Bxd4 cxd4 22. Nc2 Nc5 23. Ncxd4 e5 24. fxe5 dxe5 25. Nc2 Ne6 26. Nb4 Nf4 27. Qh2 f6 28. Nd5 Qd6 29. Ne1 Bh6 30.
Ng2 Nxd5 31. cxd5 Rc8 32. Rf2 Rc3 33. Qg3 Rec8 34. Ne3 Bf4 35. Qf3 b5 36. Ng2 Rc1 37.
Nxf4 Rxd1+ 38. Qxd1 exf4 39. Rc2 Rxc2 40. Qxc2 f3 41.
Qf2 Qf4 42. d6 Kf8 43. a4 bxa4 44. bxa4 h5 45. gxh5 gxh5 46. Kg1 h4 47. Kf1 Qc1+ 48. Qe1 Qc2 49. Qf2 Qd1+ 50. Qe1 Qc2 51. d7 Qxd3+ 52. Kf2 Qxd7 53. Qe3 Qxh3 54. Qh6+ Kf7 55. Qh7+ Ke6 56. Qg8+ Kd6 57. Qb8+ Kc5 58. Qc7+ Kb4 59. Qb6+ Ka3 60.
Qe3+ Kxa4 61. Qd4+ Kb5 62. Qd5+ Kb6 63. Qd6+ Kb7 64.
Qe7+ Kc8 65. Qf8+ Kc7 66. Qc5+ Kd7 67. Qa7+ Ke8 68. Qb8+ Ke7 69. Qc7+ Qd7 70. Qc5+ Qd6 71. Qa7+ Kf8 72. Kxf3 h3 73. Qa8+ Kg7 74. Qb7+ Kg6 75.
Qb3 Kh6 76. Kg4 h2 77. Qh3+ Kg7 78. Qh5 Qd1+ 79. Kg3 Qxh5 80. e5 h1=Q 81. exf6+ Kf8 82. f7 Q1f3# 0-1